 Dungeon Crawl Stone Soup version 0.30-a0-365-ge7f957f1db (webtiles) character file.

Game seed: 2340042812109316108

1148 koil the Ruffian (level 8, -4/118 HPs)
             Began as a Troll Berserker on Nov 18, 2022.
             Was a Priest of Trog.
             Splashed by a jelly's acid (7 damage)
             ... on level 5 of the Dungeon.
             The game lasted 00:06:07 (2843 turns).

koil the Ruffian (Troll Berserker)                  Turns: 2843, Time: 00:06:08

Health: -4/118     AC:  5    Str: 28    XL:     8   Next: 15%
Magic:  7/7        EV: 10    Int:  3    God:    Trog [***...]
Gold:   258        SH:  0    Dex:  9    Spells: 7/7 levels left

rFire   + . .      SeeInvis .      - Unarmed
rCold   x . .      Faith    .    (no shield)
rNeg    . . .      Spirit   .    m - +1 robe {Will+}
rPois   .          Reflect  .    (helmet restricted)
rElec   .          Harm     .    (no cloak)
rCorr   .          Rampage  .    (gloves unavailable)
Will    +....                    (boots unavailable)
Stlth   ..........               (no amulet)
HPRegen 1.19/turn                b - ring of fire
MPRegen 0.10/turn                (no ring)

@: berserking (expiring), very quick
A: large, unfitting armour, claws 3, regeneration 1, shaggy fur 1, tough skin 1
a: Renounce Religion, Berserk, Trog's Hand


You were on level 5 of the Dungeon.
You worshipped Trog.
Trog was most pleased with you.
You visited 1 branch of the dungeon, and saw 5 of its levels.

You collected 258 gold pieces.

Inventory:

Missiles
 z - 6 poisoned darts
Armour
 a - a +0 animal skin
 m - a +1 robe of willpower (worn)
 t - a +2 robe
Jewellery
 b - a ring of fire (left claw)
Wands
 r - a wand of mindburst (10)
 s - a wand of flame (22)
Scrolls
 c - 2 scrolls of torment {unknown}
 d - 5 scrolls of teleportation {unknown}
 e - a scroll of noise {unknown}
 h - a scroll of acquirement {unknown}
 k - a scroll of magic mapping {unknown}
 l - 2 scrolls of poison {unknown}
 n - 2 scrolls of amnesia {unknown}
 p - a scroll of summoning {unknown}
 q - 4 scrolls of identify {unknown}
 u - a scroll of fog {unknown}
 v - a scroll of immolation {unknown}
 w - a scroll of blinking {unknown}
 y - a scroll of enchant weapon {unknown}
Potions
 f - a potion of brilliance {unknown}
 g - 3 potions of ambrosia {unknown}
 i - 3 potions of curing {unknown}
 j - 2 potions of heal wounds {unknown}
 o - a potion of haste {unknown}
 x - a potion of degeneration {unknown}


   Skills:
 + Level 4.7 Fighting
 + Level 3.7 Armour
 + Level 4.6 Dodging
 + Level 5.6 Unarmed Combat


You had 7 spell levels left.
You didn't know any spells.
Your spell library was empty.

Dungeon Overview and Level Annotations

Branches:
Dungeon (5/15)             Temple (0/1) D:4

Altars:
Cheibriados
Sif Muna


Innate Abilities, Weirdness & Mutations

You are too large for most types of armour.
You have claws for hands.
Your natural rate of healing is unusually fast.
You are covered in fur. (AC +1)
You have tough skin. (AC +1)


Message History

* * * LOW HITPOINT WARNING * * *
The iguana bites you!
* * * LOW HITPOINT WARNING * * *
You have reached level 8!
You barely miss the centaur. The centaur closely misses you.
The centaur kicks you but does no damage.
Unknown command.
You claw the centaur!
The centaur is heavily wounded.
The howler monkey hits you but does no damage.
The jelly hits you.
* * * LOW HITPOINT WARNING * * *
You are splashed with acid!
* * * LOW HITPOINT WARNING * * *
The iguana bites you!
* * * LOW HITPOINT WARNING * * *
You barely miss the centaur.
The centaur is heavily wounded.
The centaur barely misses you. x2; The howler monkey closely misses you.
Unknown command.
You mangle the centaur!!
You kill the centaur!
Trog accepts your kill. The jelly barely misses you.
The iguana closely misses you. The howler monkey hits you.
* * * LOW HITPOINT WARNING * * *
Unknown command.
You claw the jelly!
Your claws burn!
* * * LOW HITPOINT WARNING * * *
The jelly is heavily wounded.
Unknown command.
You completely miss the jelly.
The jelly is heavily wounded.
Your skin stops crawling.
You feel less strong-willed. The iguana closely misses you.
An iguana comes into view.
The jelly hits you.
* * * LOW HITPOINT WARNING * * *
You are splashed with acid!
You die...

.... #.........!........
#...####..................
#.........................
.......!......#....#######
..................##
..................##
....................
...................#
.........@J......#.#
........)lh...#....#
.....#.....#........
....###..##......### .
#............#
#......#......#
#........##l.##..#
#............## #.
..........##..#


You could see a howler monkey, 2 iguanas and a jelly.

Vanquished Creatures
  Grinder (D:3)
  Sigmund (D:3)
  A water moccasin (D:5)
  An ogre (D:4)
  A centaur (D:5)
  2 phantoms
  A scorpion (D:3)
  An orc priest (D:4)
  Jessica (D:3)
  An iguana (D:4)
  Natasha (D:2)
  2 orc wizards (D:4)
  Robin (D:2)
  3 adders
  A shadow imp (D:5)
  3 dart slugs
  3 orcs (D:4)
  7 ball pythons
  5 endoplasms
  4 giant cockroaches
  22 goblins
  12 hobgoblins
  3 jackals (D:2)
  8 kobolds
  A quokka (D:4)
  8 bats
  2 frilled lizards
  2 rats
  5 plants (D:2)
  4 toadstools (D:1)
108 creatures vanquished.

Notes
Turn   | Place    | Note
-------+----------+-------------------------------------------
     0 | D:1      | koil the Troll Berserker began the quest for the Orb.
     0 | D:1      | Reached XP level 1. HP: 22/22 MP: 0/0
    82 | D:1      | Reached XP level 2. HP: 29/29 MP: 1/1
   338 | D:1      | Reached ** piety under Trog
   525 | D:1      | Reached XP level 3. HP: 36/36 MP: 2/2
   622 | D:2      | Noticed Natasha
   631 | D:2      | Killed Natasha
   632 | D:2      | Reached skill level 1 in Armour
   644 | D:2      | Noticed Robin
   669 | D:2      | Killed Robin
   670 | D:2      | Reached XP level 4. HP: 44/44 MP: 3/3
   743 | D:2      | Found a shimmering blue altar of Sif Muna.
  1229 | D:2      | Found a faded altar of an unknown god.
  1318 | D:3      | Noticed Grinder
  1326 | D:3      | Killed Grinder
  1327 | D:3      | Reached skill level 4 in Unarmed Combat
  1327 | D:3      | Reached XP level 5. HP: 53/53 MP: 4/4
  1327 | D:3      | Reached XP level 6. HP: 61/61 MP: 5/5
  1503 | D:3      | Noticed Sigmund
  1515 | D:3      | Killed Sigmund
  1556 | D:3      | Found a snail-covered altar of Cheibriados.
  1700 | D:3      | Reached XP level 7. HP: 45/68 MP: 6/6
  1763 | D:3      | Noticed Jessica
  1774 | D:3      | Killed Jessica
  1986 | D:4      | Reached skill level 5 in Unarmed Combat
  2112 | D:4      | Reached *** piety under Trog
  2357 | D:4      | Found a staircase to the Ecumenical Temple.
  2768 | D:5      | Entered Level 5 of the Dungeon
  2837 | D:5      | HP: 19/106 [iguana (7)]
  2838 | D:5      | Reached XP level 8. HP: 22/79 MP: 7/7
  2839 | D:5      | HP: 6/118 [iguana (7)]
  2842 | D:5      | HP: 2/118 [acid (2)]
  2843 | D:5      | Splashed by a jelly's acid

Illustrated notes

Levels and vault maps discovered:
D:1:      ldierk_walled_garden_2, layout_basic
D:2:      layout_loops_ring, dilly_ecumenical_altar_fadedgnrine, basic_altar,
          uniq_natasha, uniq_robin
D:3:      layout_loops_cross, mainiacjoe_overflow_chevrons, uniq_sigmund,
          uniq_jessica, uniq_grinder
D:4:      layout_basic, minmay_temple_entry_mini_moons, minmay_ogre_servants
D:5:      layout_layer_cave, kennysheep_mini_moat, serial_shops, shop,
          uniq_menkaure

Skill      XL: |  1  2  3  4  5  6  7 |
---------------+----------------------+-----
Armour         | 1 2 3 |  3.7
Dodging        | 3 4 |  4.6
Fighting       | 3 4 |  4.7
Unarmed Combat | 4 5 |  5.6

Action                   |  1- 3 |  4- 6 |  7- 9 || total
-------------------------+-------+-------+-------++-------
Melee: Unarmed           |    76 |    79 |   132 ||   287
       Punch             |     1 |       |     4 ||     5
Invok: Berserk           |       |     2 |     2 ||     4
       Trog's Hand       |       |       |     1 ||     1
 Stab: Sleeping          |     1 |       |       ||     1
Armor: Animal skin       |    26 |       |       ||    26
       Robe              |       |    19 |    39 ||    58
Dodge: Dodged            |    31 |    20 |    53 ||   104

Table legend: (Time is in decaauts)
 A = Elapsed time spent in this place.
 B = Non-inter-level travel time spent in this place.
 C = Inter-level travel time spent in this place.
 D = Time resting spent in this place.
 E = Time spent auto-exploring this place.
 F = Levels seen in this place.
 G = Mean time per level.
                   A        B        C        D        E       F      G
               +--------+--------+--------+--------+--------+-----+--------+
         Total |   2848 |   2734 |    114 |    129 |   2037 |   5 |  569.6 |
       Dungeon |   2848 |   2734 |    114 |    129 |   2037 |   5 |  569.6 |
               +--------+--------+--------+--------+--------+-----+--------+

Top non-repeatable levels by time:
     D:4: 812 daAuts
     D:2: 690 daAuts
     D:3: 653 daAuts
     D:1: 622 daAuts
     D:5: 69 daAuts
